 Dungeon Crawl Stone Soup version 0.19-a0-75-g99403da (webtiles) character file.

2266 Duffy the Grappler (level 9, -1/70 HPs)
             Began as a Minotaur Transmuter on May 10, 2016.
             Was an Initiate of Cheibriados.
             Slain by a hippogriff (4 damage)
             ... on level 7 of the Dungeon.
             The game lasted 00:06:53 (7163 turns).

Duffy the Grappler (Minotaur Transmuter)            Turns: 7163, Time: 00:06:54

Health: -1/70      AC: 11    Str: 18    XL:     9   Next: 16%
Magic:  10/10      EV:  6    Int: 11    God:    Cheibriados [......]
Gold:   311        SH:  0    Dex: 13    Spells: 2 memorised, 7 levels left

rFire  . . .     SeeInvis .       - Unarmed
rCold  + . .     Gourm    .     n - +0 plate armour
rNeg   . . .     Faith    .     (no shield)
rPois  .         Spirit   .     (helmet restricted)
rElec  .         Dismiss  .     (no cloak)
rCorr  .         Reflect  .     (no gloves)
SustAt +         Harm     .     (no boots)
MR     .....                    x - amulet of regeneration
Stlth  ..........               D - ring of protection from cold
                                u - ring of sustain attributes

@: very slow, not resistant to hostile enchantments, extremely unstealthy
A: retaliatory headbutt, horns 2
a: Bend Time, Renounce Religion


You were on level 7 of the Dungeon.
You worshipped Cheibriados.
Cheibriados was noncommittal.
You were hungry.

You visited 2 branches of the dungeon, and saw 8 of its levels.

You collected 311 gold pieces.


Innate Abilities, Weirdness & Mutations

You reflexively headbutt those who attack you in melee.
You have a pair of horns on your head.


   Skills:
 + Level 3.2 Fighting
 + Level 2.7 Armour
 + Level 3.8 Dodging
 + Level 12.4 Unarmed Combat
 - Level 1.3 Spellcasting
 - Level 1.5 Transmutations


You had 7 spell levels left.
You knew the following spells:

 Your Spells              Type           Power        Failure   Level  Hunger
a - Beastly Appendage     Trmt           #.....       100%        1    ##.....
s - Sticks to Snakes      Trmt           #.......     100%        2    ###....

Inventory:

Missiles
 a - 144 arrows
 f - 29 poisoned needles
Armour
 b - a +0 robe
 e - a +0 scale mail
 n - a +0 plate armour (worn)
Jewellery
 t - an uncursed ring of wizardry
 u - a ring of sustain attributes (left hand)
 x - an amulet of regeneration (around neck)
 D - a ring of protection from cold (right hand)
Wands
 F - a wand of slowing (28/48)
Scrolls
 g - 9 scrolls of identify {unknown}
 i - a scroll of blinking {unknown}
 k - a scroll of teleportation {unknown}
 o - a scroll of fog {unknown}
 p - 3 scrolls of remove curse {unknown}
 r - a scroll of magic mapping {unknown}
 w - a scroll of fear {unknown}
 y - 3 scrolls of recharging {unknown}
 E - a scroll of immolation {unknown}
Potions
 j - 2 potions of heal wounds {unknown}
 l - 2 potions of flight {unknown}
 m - a potion of lignification {unknown}
 q - a potion of mutation {unknown}
 s - 3 potions of agility {unknown}
 v - a potion of might {unknown}
 A - a potion of resistance {unknown}
 B - 2 potions of brilliance {unknown}
 C - a potion of berserk rage {unknown}
Books
 c - a book of Changes
Comestibles
 d - 5 bread rations
 h - a meat ration
 z - 5 fruits

Dungeon Overview and Level Annotations

Branches:
Dungeon (7/15)             Temple (1/1) D:5

Altars:
Ashenzari
Cheibriados
Dithmenos
Elyvilon
Fedhas
Gozag
Kikubaaqudgha
Makhleb
Okawaru
Pakellas
Qazlal
Sif Muna
Trog
Vehumet
Xom
Yredelemnul
Zin
The Shining One


Message History

Found 9 gold pieces.
A worker ant comes into view.
You see here an arrow.
The centaur shoots an arrow.
The arrow hits you.
Menkaure calls on the powers of darkness!
Your body is wracked with pain!
The giant frog convulses!
The centaur shoots an arrow.
The arrow hits you.
You see here 2 arrows.
A hippogriff comes into view.
The hippogriff screeches!
The centaur shoots an arrow.
The arrow hits you. Menkaure hits you but does no damage.
Found a stone staircase leading down.
A hound comes into view.
An adder zombie comes into view.
The giant frog hits you but does no damage.
The hippogriff bites you but does no damage.
The hippogriff pecks you but does no damage.
The hippogriff claws you but does no damage.
The giant frog hits you but does no damage.
The hippogriff bites you. The hippogriff pecks you. The hippogriff claws you.
You hit the hippogriff.
The hippogriff is heavily wounded.
The giant frog hits you.
You punch the giant frog! You punch the giant frog.
You kill the giant frog!
Cheibriados thoroughly appreciates the change of pace.
The hippogriff bites you but does no damage.
The hippogriff pecks you but does no damage.
The hippogriff claws you.
You punch Menkaure! Your punch misses Menkaure.
Menkaure is moderately damaged.
The hippogriff bites you but does no damage.
The hippogriff pecks you.
The hippogriff claws you but does no damage.
You punch Menkaure!
Menkaure is severely damaged.
Menkaure barely misses you. The hippogriff completely misses you.
You furiously retaliate!
You headbutt the hippogriff. The hippogriff closely misses you.
The hippogriff claws you but does no damage.
Your plate armour prevents you from hitting Menkaure.
You headbutt Menkaure.
You destroy Menkaure!
Cheibriados appreciates the change of pace.
The centaur shoots an arrow.
The arrow hits you.
The centaur unwields an uncursed shortbow.
The centaur hits you but does no damage. x2
The hippogriff bites you.
You die...

.. ###
#...#.### ..
#.# #...#....
#.#
#.#####.#.##.
.. #...
#.......#.##.
..h #..
#.###........
...#..###
##.#.....###..
#.##>Z.#
#....##..###..
###....#H#
#....##.......
#......#@#
#....##...##..
###....#c#
#.#####...##..
....../.J# #.#
###.##..
.#####.#(###.#
#.....
.......(....#
#.####
.........####
#<#
..........#
###
.........?#
..........#


You could see a hippogriff, a centaur, a jelly and an adder zombie.

Action                   |  1- 3 |  4- 6 |  7- 9 || total
-------------------------+-------+-------+-------++-------
Melee: Unarmed           |   101 |   195 |   172 ||   468
       Headbutt          |     9 |    30 |    29 ||    68
       Punch             |     3 |     1 |     5 ||     9
 Stab: Sleeping          |     1 |       |       ||     1
  Eat: Chunk             |     2 |     8 |     8 ||    18
       Beef jerky        |       |     1 |       ||     1
Armor: Scale mail        |    43 |       |       ||    43
       Plate armour      |     4 |   137 |   101 ||   242
Dodge: Dodged            |    50 |    46 |    31 ||   127

Notes
Turn   | Place    | Note
--------------------------------------------------------------
     0 | D:1      | Duffy the Minotaur Transmuter began the quest for the Orb.
     0 | D:1      | Reached XP level 1. HP: 16/16 MP: 1/1
   444 | D:1      | Reached XP level 2. HP: 17/23 MP: 3/3
   561 | D:1      | Reached skill level 4 in Unarmed Combat
   954 | D:1      | Reached XP level 3. HP: 28/28 MP: 4/4
   958 | D:1      | Learned a level 2 spell: Sticks to Snakes
  1483 | D:2      | Reached skill level 5 in Unarmed Combat
  1658 | D:2      | Reached XP level 4. HP: 35/35 MP: 5/5
  1905 | D:2      | Found a shimmering altar of Xom.
  2159 | D:2      | Reached skill level 6 in Unarmed Combat
  2580 | D:2      | Reached XP level 5. HP: 25/40 MP: 6/6
  2979 | D:3      | Found a faded altar to an unknown god.
  3493 | D:4      | Noticed an ogre
  3807 | D:4      | Found a radiant altar of Vehumet.
  3810 | D:4      | Noticed Dowan
  3810 | D:4      | Noticed Duvessa
  4138 | D:3      | Reached skill level 7 in Unarmed Combat
  4183 | D:5      | Entered Level 5 of the Dungeon
  4183 | D:5      | Found a glowing golden altar of the Shining One.
  4183 | D:5      | Found an iron altar of Okawaru.
  4183 | D:5      | Found a stormy altar of Qazlal.
  4184 | D:5      | Noticed a centaur
  4185 | D:5      | Found a shattered altar of Ashenzari.
  4198 | D:5      | Killed a centaur
  4198 | D:5      | Reached XP level 6. HP: 30/47 MP: 7/7
  4401 | D:5      | Found a basalt altar of Yredelemnul.
  4401 | D:5      | Found an oddly glowing altar of Pakellas.
  4402 | D:5      | Found an opulent altar of Gozag.
  4489 | D:5      | Reached skill level 8 in Unarmed Combat
  4502 | D:5      | Found a shadowy altar of Dithmenos.
  4548 | D:5      | Found a staircase to the Ecumenical Temple.
  4548 | D:5      | Noticed Eustachio
  4572 | D:5      | Reached XP level 7. HP: 13/52 MP: 8/8
  4583 | D:5      | Killed Eustachio
  4583 | D:5      | Reached skill level 9 in Unarmed Combat
  4668 | Temple   | Entered the Ecumenical Temple
  4855 | D:4      | Killed Duvessa
  4893 | D:4      | Killed Dowan
  4893 | D:4      | Reached skill level 10 in Unarmed Combat
  5095 | D:4      | You fall through a shaft!
  5281 | D:4      | Found a blossoming altar of Fedhas.
  5333 | D:4      | Reached XP level 8. HP: 28/59 MP: 9/9
  6167 | D:6      | Reached skill level 11 in Unarmed Combat
  6446 | D:6      | Reached skill level 12 in Unarmed Combat
  6667 | D:6      | Noticed Sigmund
  6678 | D:6      | Killed Sigmund
  6678 | D:6      | Reached skill level 2 in Fighting
  6678 | D:6      | Reached skill level 1 in Armour
  6772 | D:6      | Found a snail-covered altar of Cheibriados.
  6780 | D:6      | Reached skill level 3 in Dodging
  6796 | D:6      | Became a worshipper of Cheibriados the Contemplative
  6952 | D:6      | Reached skill level 2 in Armour
  6952 | D:6      | Reached XP level 9. HP: 59/68 MP: 10/10
  7150 | D:7      | Reached skill level 3 in Fighting
  7151 | D:7      | Noticed Menkaure
  7162 | D:7      | Killed Menkaure
  7163 | D:7      | Slain by a hippogriff

Skill      XL: |  1  2  3  4  5  6  7  8  9 |
---------------+----------------------------+-----
Unarmed Combat | 4 5 6 7 8 10 12 | 12.4
Fighting       | 2 3 |  3.2
Armour         | 2 |  2.7
Dodging        | 3 |  3.8
Spellcasting   | |  1.3
Transmutations | |  1.5

Vault maps used:
D:1:      dpeg_arrival_round_a, serial_glass, glass_columns_a, glass_columns_c,
          glass_columns_a, glass_columns_b, glass_columns_b, glass_columns_a,
          glass_columns_b, glass_columns_b, lexackson_kobold_supper
D:2:      first_bread, tgw_xom
D:3:      ecumenical_altar_1, minmay_strange_pillars, hex_tiny,
          serial_bayou_ford_a
D:4:      vehumet_altar_wand_db, marbit_many_paths, uniq_duvessa
D:5:      nicolae_dithmenos_the_darkroom, grunt_temple_overflow_open,
          gammafunk_temple_overflow_claw, minmay_temple_entry_glass,
          uniq_eustachio
D:6:      cheibriados_altar_wand_db, kennysheep_generic_room_15, uniq_sigmund
D:7:      serial_shops, kennysheep_mini, uniq_menkaure
Temple:   circular_temple_6

Vanquished Creatures
  Sigmund Eustachio Menkaure Duvessa
  2 ice beasts
  An orc warrior
  A black bear
  A phantom
  2 ogres
  3 centaurs
  3 giant frogs Dowan
  A crimson imp
  A giant frog zombie
  4 hounds
  2 centaur skeletons
  An iguana
  6 worker ants
  A killer bee zombie
  A hound skeleton
  A worker ant zombie
  A gnoll
  10 adders
  An ooze
  A worm
  5 dart slugs
  9 giant geckos
  6 orcs
  5 bats
  5 giant cockroaches
  7 goblins
  11 hobgoblins
  10 jackals
  11 kobolds
  2 quokkas
  2 giant gecko skeletons
  3 giant newts
  6 rats
  A plant
132 creatures vanquished.
